 Dungeon Crawl Stone Soup version 0.28-a0-1447-ga5a8893891 (webtiles) character file.

Game seed: 17225400621312331205

23095 agentchuck the Cleaver (level 13, -8/116 HPs)
             Began as a Ghoul Gladiator on Jan 11, 2022.
             Was an Elder of Makhleb.
             Mangled by an entropy weaver (11 damage)
             ... in a Gauntlet.
             The game lasted 00:53:24 (17098 turns).

agentchuck the Cleaver (Ghoul Gladiator)           Turns: 17098, Time: 00:53:25

Health: -8/116     AC:  6    Str: 21 (23) XL:     13   Next: 4%
Magic:  18/18      EV: 12    Int:  3      God:    Makhleb [****..]
Gold:   639        SH:  0    Dex: 13      Spells: 12/12 levels left

rFire   + . .      SeeInvis .   a - +6 broad axe "Bamycsy" {flame, Dex+3}
rCold   . . .      Faith    .   (no shield)
rNeg    + + +      Spirit   .   y - +0 plate armour
rPois   ∞          Reflect  .   c - +2 helmet
rElec   .          Harm     .   u - scarf {repulsion}
rCorr   .          Rampage  .   (no gloves)
Will    .....      NoTele   +   G - +1 pair of boots
Stlth   ..........              (no amulet)
HPRegen 0.00/turn               F - ring of fire
MPRegen 0.16/turn               E - +4 ring of evasion

@: corroded, inhibited regen, studying Staves, repel missiles
A: claws 1, cold resistance 1, negative energy resistance 3, inhibited
regeneration, torment resistance 2
a: Renounce Religion, Minor Destruction, Lesser Servant of Makhleb, Major
Destruction


You were in a Gauntlet.
You worshipped Makhleb.
Makhleb was greatly pleased with you.
You visited 3 branches of the dungeon, and saw 14 of its levels.
You also visited: Gauntlet.

You collected 639 gold pieces.


Innate Abilities, Weirdness & Mutations

You thrive by killing the living.
You are immune to poison.
You have sharp fingernails.
Your flesh is cold resistant. (rC+)
You are immune to negative energy. (rN+++)
You do not regenerate when monsters are visible.
You are immune to unholy pain and torment.


   Skills:
 + Level 11.5 Fighting
 * Level 12.0 Axes
 - Level 5.0 Throwing
 + Level 7.2 Armour
 - Level 4.7 Dodging
 + Level 9.1 Invocations
 - Level 4.1 Evocations


You had 12 spell levels left.
You didn't know any spells.
Your spell library contained the following spells:

 Spells                   Type           Power      Damage    Failure   Level
 Animate Skeleton         Necr           0%         N/A       100%        1
 Magic Dart               Conj           0%         1d3       100%        1
 Pain                     Necr           0%         1d4       100%        1
 Sandblast                Erth           0%         2d4       100%        1
 Shock                    Conj/Air       0%         1d3       100%        1
 Call Imp                 Summ           0%         N/A       100%        2
 Passwall                 Tmut/Erth      0%         N/A       100%        2
 Conjure Flame            Conj/Fire      0%         6-21      100%        3
 Ignite Poison            Fire/Tmut/Pois 0%         N/A       100%        3
 Mephitic Cloud           Conj/Pois/Air  0%         N/A       100%        3
 Portal Projectile        Hex/Tloc       0%         N/A       100%        3
 Stone Arrow              Conj/Erth      0%         3d7       100%        3
 Swiftness                Air            0%         N/A       100%        3
 Vampiric Draining        Necr           0%         2d6       100%        3
 Airstrike                Air            0%         N/A       100%        4
 Sticky Flame             Conj/Fire      0%         2d3       100%        4
 Excruciating Wounds      Necr           0%         N/A       100%        5
 Blade Hands              Tmut           Unusable   N/A       N/A         5

Inventory:

Hand Weapons
 a - the +6 broad axe "Bamycsy" (weapon) {flame, Dex+3}
   (You found it on level 1 of the Lair of Beasts)

   It burns those it strikes, dealing additional fire damage.
   Big, fiery blades are also staple armaments of hydra-hunters.
   Dex:       It affects your dexterity (+3).
 e - a +0 hunting sling
 q - a +3 dire flail of freezing
 s - the +8 spear of the Pariah {vorpal, rC+}
   (You found it on level 3 of the Dungeon)

   It inflicts extra damage upon your enemies.
   rC:        It protects you from cold.
Missiles
 k - 154 sling bullets
 t - 37 poisoned darts (quivered)
 B - a curare-tipped dart {=f}
 D - a boomerang
Armour
 c - a +2 helmet (worn)
 h - the +1 pair of boots of Trial and Error {rPois Slay+2}
   (You found it in a Gauntlet)

   Slay:      It affects your accuracy & damage with ranged weapons and melee
   (+2).
   rPois:     It protects you from poison.
 u - a scarf of repulsion (worn)
 y - a +0 plate armour (worn)
 G - a +1 pair of boots (worn)
Jewellery
 C - a ring of protection from cold
 E - a +4 ring of evasion (right claw)
 F - a ring of fire (left claw)
 L - a ring of flight
Wands
 d - a wand of polymorph (5)
 v - a wand of flame (43)
 x - a wand of charming (13)
 A - a wand of iceblast (8)
 I - a wand of digging (10)
Scrolls
 b - a scroll of magic mapping
 f - a scroll of fear {unknown}
 j - 5 scrolls of blinking
 l - a scroll of vulnerability {!r}
 o - 2 scrolls of enchant weapon
 w - 2 scrolls of teleportation {@r4}
 K - a scroll of fog
 M - 2 scrolls of amnesia
Potions
 g - 2 potions of curing {@q1}
 i - a potion of haste {@q3}
 r - 2 potions of invisibility
 z - 2 potions of cancellation {unknown}
 H - 2 potions of ambrosia {unknown}
Miscellaneous
 J - a tin of tremorstones (2/2)

Dungeon Overview and Level Annotations

Branches:
Dungeon (9/15)             Temple (1/1) D:4            Lair (4/6) D:8
  Swamp (0/4) Lair:3       Spider (0/4) Lair:2      Gauntlet (1/1)
    Orc: D:9-12

Altars:
Ashenzari
Cheibriados
Dithmenos
Elyvilon
Gozag
Hepliaklqana
Kikubaaqudgha
Makhleb
Nemelex Xobeh
Okawaru
Sif Muna
Uskayaw
Vehumet
Yredelemnul
The Shining One

Shops:
D:5 :

Annotations:
D:2 Ijyb
D:5 Blork the orc Gauntlet 11 transporters

≈............. ▒▒▒
8.8.8.8.8.8.8. ▒8▒
≈.............
▒▒▒▒▒▒▒▒▒▒.▒▒▒▒▒▒▒▒▒.
▒≈.......▒.▒..≈∩≈..▒.
▒▒▒........▒©▒.§.....▒©
▒8▒..▒▒▒▒▒▒▒▒▒▒▒...▒▒▒▒
▒▒▒..▒....▒..▒.▒...▒s▒▒
▒....▒@..▒..▒.!▒...▒.▒k
▒▒▒....▒BJ▒..▒..▒▒...▒"▒▒
▒8▒..▒▒▒.▒..▒..▒.▒...▒[▒▒
▒▒▒..▒✱▒▒D©▒..▒.©▒...▒©..
▒..▒.▒.▒..▒..▒.▒...▒.▒▒
▒▒▒..▒.▒..▒..▒..▒▒...▒?▒▒
▒8▒..▒.▒...▒..▒.B▒...▒...
▒▒▒▒▒▒▒▒▒..▒.▒....▒..▒B▒...▒.▒▒
▒8▒........▒.▒▒▒▒▒▒▒▒▒▒▒...▒▒▒▒


You could see an entropy weaver (ally target), a wretched star, a friendly steam
dragon (summoned) and a friendly jelly (summoned).


Message History

Your steam dragon claws the entropy weaver but does no damage.
Aiming: Iceblast
Press: ? - help, Shift-Dir - straight line, p - entropy weaver The mass of ice explodes!
The iceblast engulfs the entropy weaver!
The entropy weaver is almost dead.
Your jelly misses the entropy weaver.
Okay, then.
Okay, then.
Unknown command.
Unknown command.
Use which ability? (? or * to list)
Aiming: Minor Destruction (0% risk of failure)
Press: ? - help, Shift-Dir - straight line, f - entropy weaver
Aim: an entropy weaver (almost dead, ally target)
The puff of flame hits the entropy weaver but does no damage.
The entropy weaver is almost dead.
Use which ability? (? or * to list)
Aiming: Minor Destruction (0% risk of failure)
Press: ? - help, Shift-Dir - straight line, f/p - entropy weaver
Aim: an entropy weaver (almost dead, ally target)
The stone arrow hits the entropy weaver!
The entropy weaver is almost dead.
The entropy weaver hits you!
* * * LOW HITPOINT WARNING * * *
The entropy weaver hits you but does no damage.
The entropy weaver hits you.
* * * LOW HITPOINT WARNING * * *
The entropy weaver hits you!
You die...

Skill      XL: |  1  2  3  4  5  6  7  8  9 10 11 12 13 |
---------------+----------------------------------------+-----
Axes           | 3 4 5 6 7 8 9 10 11 12 | 12.0
Armour         | 2 4 5 6 7 |  7.2
Fighting       | 4 5 7 8 10 11 | 11.5
Evocations     | 2 4 |  4.1
Invocations    | 1 4 7 9 |  9.1
Throwing       | 3 5 |  5.0
Dodging        | 3 4 |  4.7

Action                   |  1- 3 |  4- 6 |  7- 9 | 10-12 | 13-15 || total
-------------------------+-------+-------+-------+-------+-------++-------
Melee: War axe           |    75 |    42 |       |       |       ||   117
       Dagger            |    15 |    16 |       |       |       ||    31
       Punch             |     1 |     3 |     4 |     6 |       ||    14
       Spear             |       |    40 |   253 |   267 |       ||   560
       Broad axe         |       |       |       |   176 |    24 ||   200
 Fire: Hunting sling     |       |    26 |    21 |    17 |       ||    64
Throw: Stone             |     4 |       |     1 |       |       ||     5
       Throwing net      |       |     3 |       |       |       ||     3
       Dart              |       |    14 |       |    24 |       ||    38
Invok: Minor Destruction |       |       |       |    69 |     2 ||    71
Evoke: Wand              |       |       |    17 |    17 |     1 ||    35
  Use: Potion            |       |     3 |       |       |     4 ||     7
       Scroll            |       |     1 |    12 |     5 |     3 ||    21
Armor: Leather armour    |     7 |       |       |       |       ||     7
       Ring mail         |    16 |    16 |       |       |       ||    32
       Chain mail        |       |    24 |    51 |       |       ||    75
       Plate armour      |       |       |    50 |   227 |    11 ||   288
Dodge: Dodged            |    53 |    35 |   138 |   234 |    16 ||   476
       Repelled          |       |       |       |     4 |     3 ||     7

Levels and vault maps discovered:
D:1:      giann_forest_graveyard, layout_basic, dreamdust_ecumenical_altar_grove
D:2:      layout_basic, basic_altar
D:3:      layout_rooms, mainiacjoe_overflow_divided_tiny, uniq_ijyb
D:4:      layout_layer_cave, nicolae_hepliaklqana_hazy_memory,
          minmay_temple_entry_proselytizer, minmay_misc_feat_tower,
          kennysheep_cross_bottleneck
D:5:      gammafunk_steamed_eel, layout_cave_pods, serial_shops, shop,
          chequers_serial_rivers_room_b, uniq_blork_the_orc, uniq_edmund
D:6:      layout_gridville
D:7:      layout_basic
D:8:      layout_cave_pools, lair_entry_dummy,
          amcnicky_mini_rare_corridor_liquid
D:9:      layout_long_grid
Temple:   mainiacjoe_temple_bowtie_tessellation
Lair:1:   layout_big_grid, cheibrodos_lair_caveside_slide, wad_woods_river_01,
          infiniplex_staircase_pool
Lair:2:   layout_cave_pods, spider_nest_entry_webs, minmay_lindwurm_lava,
          lemuel_fruit_tree
Lair:3:   layout_gridlike, palyth_hydra_swamp_entry,
          chequers_serial_rivers_micro_d, serial_bayou_shore_b,
          serial_bayou_shore_a, grunt_megastairs_4
Lair:4:   layout_regular_city, gauntlet_entry_generic, basic_altar
Gauntlet: gammafunk_gauntlet_branching [nicolae_gauntlet_arena_flowing_pool,
          gammafunk_gauntlet_arena_hedges, gammafunk_gauntlet_arena_chambers,
          gammafunk_gauntlet_arena_split_x, nicolae_gauntlet_swirl,
          gammafunk_gauntlet_arena_split_diamond,
          gammafunk_gauntlet_arena_crates,
          gammafunk_gauntlet_arena_arrow_garden, gauntlet_exit_hidden_loot]

Notes
Turn   | Place    | Note
-------+----------+-------------------------------------------
     0 | D:1      | agentchuck the Ghoul Gladiator began the quest for the Orb.
     0 | D:1      | Reached XP level 1. HP: 17/17 MP: 0/0
    75 | D:1      | Reached skill level 3 in Axes
    86 | D:1      | Reached XP level 2. HP: 8/24 MP: 1/1
   858 | D:1      | Found a faded altar of an unknown god.
  1159 | D:2      | Reached XP level 3. HP: 7/29 MP: 2/2
  1459 | D:2      | Reached skill level 4 in Axes
  2030 | D:2      | Reached XP level 4. HP: 36/36 MP: 3/3
  2402 | D:2      | Found a shadowy altar of Dithmenos.
  2665 | D:3      | Noticed Ijyb
  2714 | D:3      | Paralysed by Ijyb for 6 turns
  2822 | D:3      | Paralysed by Ijyb for 6 turns
  2840 | D:2      | Paralysed by Ijyb for 3 turns
  2857 | D:2      | Paralysed by Ijyb for 3 turns
  2861 | D:2      | HP: 3/36 [Ijyb (5)]
  2862 | D:2      | Identified a potion of resistance
  2865 | D:2      | Paralysed by Ijyb for 7 turns
  3504 | D:3      | Identified the +8 spear of the Pariah {vorpal, rC+}
  3525 | D:3      | Reached skill level 5 in Axes
  3734 | D:3      | Found a sparkling altar of Nemelex Xobeh.
  3734 | D:3      | Found a shimmering blue altar of Sif Muna.
  3868 | D:4      | Found a staircase to the Ecumenical Temple.
  3876 | D:3      | Reached XP level 5. HP: 39/41 MP: 4/4
  3895 | Temple   | Entered the Ecumenical Temple
  3972 | Temple   | Became a worshipper of Makhleb the Destroyer
  4220 | D:4      | Found a hazy altar of Hepliaklqana.
  4225 | D:4      | Noticed a phantom
  4459 | D:4      | Noticed an ogre
  4477 | D:4      | Killed an ogre
  4478 | D:4      | Reached skill level 6 in Axes
  4478 | D:4      | Reached XP level 6. HP: 48/48 MP: 5/5
  4670 | D:4      | You fall into a shaft and drop 1 floor!
  4670 | D:5      | Entered Level 5 of the Dungeon
  4690 | D:5      | Noticed Edmund
  4703 | D:5      | Killed Edmund
  4948 | D:5      | Reached XP level 7. HP: 33/56 MP: 6/6
  5228 | D:5      | Reached skill level 1 in Armour
  5317 | D:5      | Found a transporter.
  5348 | D:5      | Reached skill level 3 in Fighting
  5392 | D:5      | Found a transporter.
  5529 | D:5      | Noticed Blork the orc
  5802 | D:4      | Reached skill level 7 in Axes
  5968 | D:5      | Found Miwk's Book Shoppe.
  6139 | D:6      | Reached skill level 2 in Armour
  6271 | D:6      | Reached skill level 4 in Fighting
  6275 | D:6      | Reached XP level 8. HP: 60/66 MP: 7/7
  6294 | D:6      | Reached skill level 3 in Armour
  7631 | D:6      | Reached skill level 5 in Fighting
  7631 | D:6      | Reached skill level 1 in Evocations
  7695 | D:7      | Noticed a cyclops
  7719 | D:7      | Killed a cyclops
  7719 | D:7      | Reached * piety under Makhleb
  7720 | D:7      | Reached skill level 8 in Axes
  7720 | D:7      | Reached skill level 4 in Armour
  7720 | D:7      | Reached skill level 2 in Evocations
  7720 | D:7      | Reached XP level 9. HP: 75/75 MP: 8/8
  7984 | D:7      | Reached skill level 6 in Fighting
  8305 | D:7      | Reached skill level 3 in Evocations
  8923 | D:8      | Noticed a hornet
  8943 | D:8      | Killed a hornet
  8944 | D:8      | Reached skill level 5 in Armour
  9598 | D:7      | Reached skill level 4 in Evocations
  9748 | D:8      | Reached skill level 7 in Fighting
  9792 | D:8      | Found a staircase to the Lair.
 10114 | D:8      | Reached skill level 1 in Invocations
 10306 | D:9      | Noticed a hornet
 10321 | D:9      | Reached XP level 10. HP: 86/86 MP: 8/10
 10416 | D:9      | Reached skill level 9 in Axes
 10436 | D:9      | Reached skill level 2 in Invocations
 10586 | D:9      | Noticed a two-headed ogre
 10621 | D:9      | Reached ** piety under Makhleb
 10652 | D:9      | Reached skill level 6 in Armour
 10655 | D:9      | Killed a two-headed ogre
 10656 | D:9      | Reached skill level 3 in Invocations
 10779 | D:9      | Reached skill level 8 in Fighting
 10901 | D:9      | Noticed a seven-headed hydra
 11331 | Lair:1   | Entered Level 1 of the Lair of Beasts
 11408 | Lair:1   | Reached skill level 4 in Invocations
 11447 | Lair:1   | Noticed a black mamba
 11452 | Lair:1   | Killed a black mamba
 11453 | Lair:1   | Reached skill level 2 in Throwing
 11558 | Lair:1   | Noticed a cane toad
 11565 | Lair:1   | Killed a cane toad
 11810 | Lair:1   | Noticed an elephant
 11814 | Lair:1   | Reached skill level 3 in Throwing
 11814 | Lair:1   | Reached XP level 11. HP: 80/95 MP: 13/13
 11821 | Lair:1   | Reached skill level 5 in Invocations
 11929 | Lair:1   | Reached skill level 9 in Fighting
 11970 | Lair:1   | Reached skill level 10 in Axes
 12335 | Lair:1   | You fall into a shaft and drop 1 floor!
 12425 | Lair:2   | Noticed a seven-headed hydra
 12440 | Lair:2   | Killed a seven-headed hydra
 12441 | Lair:2   | Reached skill level 4 in Throwing
 12441 | Lair:2   | Reached skill level 6 in Invocations
 12917 | Lair:2   | Noticed a lindwurm
 12944 | Lair:2   | Reached *** piety under Makhleb
 13485 | Lair:1   | Reached skill level 10 in Fighting
 13485 | Lair:1   | Reached skill level 5 in Throwing
 13541 | Lair:1   | Identified the +6 broad axe "Bamycsy" {flame, Dex+3}
 13706 | Lair:2   | Reached skill level 7 in Invocations
 13961 | Lair:2   | Reached skill level 3 in Dodging
 13963 | Lair:2   | Found a hole to the Spider Nest.
 14014 | Lair:2   | Noticed a lindwurm
 14049 | Lair:2   | Reached XP level 12. HP: 98/106 MP: 16/16
 14132 | Lair:2   | Reached skill level 11 in Axes
 14137 | Lair:2   | Reached skill level 4 in Dodging
 14404 | Lair:2   | Reached skill level 8 in Invocations
 14427 | Lair:2   | Reached skill level 11 in Fighting
 15420 | Lair:3   | Reached **** piety under Makhleb
 15776 | Lair:3   | Noticed a four-headed hydra
 15806 | Lair:3   | Killed a one-headed hydra
 15881 | Lair:3   | Noticed a four-headed hydra
 15890 | Lair:3   | Killed a one-headed hydra
 15917 | Lair:3   | Reached skill level 7 in Armour
 15936 | Lair:3   | Reached skill level 9 in Invocations
 16142 | Lair:3   | Found a staircase to the Swamp.
 16417 | Lair:4   | Reached XP level 13. HP: 110/116 MP: 18/18
 16421 | Lair:4   | Found a gate leading to a gauntlet.
 16440 | Gauntlet | Entered a Gauntlet
 16440 | Gauntlet | Found a transporter.
 16440 | Gauntlet | Found a transporter.
 16444 | Gauntlet | Found a transporter.
 16444 | Gauntlet | Found a transporter.
 16453 | Gauntlet | Found a transporter.
 16470 | Gauntlet | Noticed a balrug
 16478 | Gauntlet | Found a transporter.
 16482 | Gauntlet | Found a transporter.
 16482 | Gauntlet | Found a transporter.
 16506 | Gauntlet | Found a transporter.
 16509 | Gauntlet | Noticed an entropy weaver
 16513 | Gauntlet | Found a transporter.
 16549 | Gauntlet | Found a transporter.
 16595 | Gauntlet | Found a transporter.
 16609 | Gauntlet | Found a transporter.
 16711 | Gauntlet | Found a transporter.
 16732 | Gauntlet | Found a transporter.
 16740 | Gauntlet | Found a transporter.
 16784 | Gauntlet | Noticed a fire dragon
 16807 | Gauntlet | a fire dragon changed into a shock serpent
 16860 | Gauntlet | Reached skill level 12 in Axes
 17057 | Gauntlet | Identified the +1 pair of boots of Trial and Error {rPois
                  | Slay+2}
 17088 | Gauntlet | HP: 5/116 [entropy weaver (10)]
 17098 | Gauntlet | HP: 8/116 [entropy weaver (13)]
 17098 | Gauntlet | HP: 3/116 [entropy weaver (5)]
 17098 | Gauntlet | Mangled by an entropy weaver

Vanquished Creatures
  3 hydras
  A two-headed ogre (D:9)
  A sixfirhy (Gauntlet)
  4 lindwurms (Lair:2)
  A cyclops (D:7)
  12 elephants
  3 black mambas
  7 cane toads
  4 komodo dragons
  2 polar bears
  3 blink frogs (Lair:2)
  A dream sheep (Lair:1)
  A hornet (D:8)
  4 wyverns
  A shadow (D:8)
  8 yaks
  2 basilisks (Lair:1)
  A steam dragon (D:8)
  4 redbacks
  5 swamp worms (Lair:3)
  Edmund (D:5)
  13 water moccasins
  3 sky beasts (D:7)
  A black bear (Lair:1)
  A necrophage (D:6)
  3 wolves (Lair:3)
  2 centaurs
  2 ogres
  A phantom (D:4)
  2 kobold brigands
  9 bullfrogs
  A gnoll sergeant (D:9)
  A scorpion (D:6)
  2 wyvern skeletons
  14 killer bees
  5 wights (D:7)
  3 electric eels
  2 howler monkeys (D:9)
  2 centaur zombies
  A bullfrog skeleton (D:5)
  4 orc priests
  A hound (D:7)
  2 iguanas
  An orc wizard (D:7)
  6 hell rats (Lair:4)
  A killer bee zombie (D:6)
  11 adders
  3 gnolls (D:9)
  A howler monkey skeleton (D:5)
  A white imp (D:5)
  4 ufetubi (Gauntlet)
  An adder zombie (D:5)
  2 worms
  A dart slug (D:1)
  20 orcs
  7 ball pythons
  8 endoplasms
  2 giant cockroaches
  4 hobgoblins
  3 jackals (D:1)
  13 kobolds
  3 quokkas
  4 bats
  A frilled lizard (D:2)
  4 goblins
  A rat (D:2)
246 creatures vanquished.

Vanquished Creatures (collateral kills)
  A hornet (D:9)
  An orc warrior (D:9)
  2 gnolls (D:9)
  An orc (D:9)
5 creatures vanquished.

Vanquished Creatures (others)
  An orc warrior (D:9)
  20 demonic plants (Gauntlet)
  20 fungi
  44 plants
85 creatures vanquished.

Grand Total: 336 creatures vanquished

Table legend: (Time is in decaauts)
 A = Elapsed time spent in this place.
 B = Non-inter-level travel time spent in this place.
 C = Inter-level travel time spent in this place.
 D = Time resting spent in this place.
 E = Time spent auto-exploring this place.
 F = Levels seen in this place.
 G = Mean time per level.
                   A        B        C        D        E       F      G
               +--------+--------+--------+--------+--------+-----+--------+
         Total |  17067 |  16241 |    826 |   5466 |   5837 |  15 | 1137.8 |
       Dungeon |  11200 |  10530 |    670 |   3539 |   3996 |   9 | 1244.4 |
        Temple |    112 |     66 |     46 |      0 |     58 |   1 |  112.0 |
          Lair |   5096 |   4986 |    110 |   1758 |   1498 |   4 | 1274.0 |
      Gauntlet |    657 |    657 |      0 |    168 |    285 |   1 |  657.0 |
               +--------+--------+--------+--------+--------+-----+--------+

Top non-repeatable levels by time:
  Lair:2: 2074 daAuts
     D:2: 1858 daAuts
  Lair:3: 1622 daAuts
     D:8: 1406 daAuts
     D:7: 1383 daAuts
  Lair:1: 1361 daAuts
     D:5: 1350 daAuts
     D:6: 1164 daAuts
     D:4: 1080 daAuts
     D:3: 1065 daAuts
     D:1: 1021 daAuts
     D:9: 869 daAuts
Gauntlet: 657 daAuts
  Temple: 112 daAuts
  Lair:4: 38 daAuts

Table legend:
 A = Non-vault XP
 B = Vault XP
 C = Vault XP percentage of total XP
 D = Non-vault monster count
 E = Vault monster count
 F = Vault count percentage of total count
                 A         B        C        D         E       F
            +---------+---------+-------+---------+---------+-------
      Total |   24583 |    8411 |  25.5 |     222 |      30 |  11.9
            +---------+---------+-------+---------+---------+-------
        D:1 |      25 |       0 |   0.0 |      13 |       0 |   0.0
        D:2 |      75 |       0 |   0.0 |      21 |       0 |   0.0
        D:3 |      64 |      41 |  39.0 |      14 |       1 |   6.7
        D:4 |     274 |       0 |   0.0 |      13 |       0 |   0.0
        D:5 |     202 |     279 |  58.0 |       6 |       3 |  33.3
        D:6 |     833 |       0 |   0.0 |      15 |       0 |   0.0
        D:7 |    1804 |       0 |   0.0 |      21 |       0 |   0.0
        D:8 |    1238 |       0 |   0.0 |      23 |       0 |   0.0
        D:9 |    2077 |       0 |   0.0 |      26 |       0 |   0.0
     Lair:1 |    4183 |     980 |  19.0 |      19 |       3 |  13.6
     Lair:2 |   10272 |    3102 |  23.2 |      28 |       7 |  20.0
     Lair:3 |    2929 |    3038 |  50.9 |      16 |      10 |  38.5
     Lair:4 |     607 |       0 |   0.0 |       7 |       0 |   0.0
   Gauntlet |       0 |     971 | 100.0 |       0 |       6 | 100.0
            +---------+---------+-------+---------+---------+-------
